 Dungeon Crawl Stone Soup version 0.22-a0-348-gd16d139 (webtiles) character file.

1222 b5mith the Fighter (level 8, -2/78 HPs)
             Began as a Minotaur Berserker on Apr 8, 2018.
             Was a Priest of Trog.
             Slain by Duvessa
             ... wielding a +0 rapier
              (9 damage)
             ... on level 6 of the Dungeon.
             The game lasted 00:09:04 (4834 turns).

b5mith the Fighter (Minotaur Berserker)             Turns: 4834, Time: 00:09:05

Health: -2/78      AC:  8    Str: 23    XL:     8   Next: 23%
Magic:  16/16      EV: 10    Int:  4    God:    Trog [***...]
Gold:   234        SH:  0    Dex: 11    Spells: 7/7 levels left

rFire    + . .     SeeInvis .   a - +0 falchion
rCold    . . .     Gourm    .   (no shield)
rNeg     . . .     Faith    .   m - +0 scale mail
rPois    .         Spirit   .   l - +2 hat
rElec    .         Reflect  .   (no cloak)
rCorr    .         Harm     .   (no gloves)
MR       .....                  (no boots)
Stlth    ..........             (no amulet)
HPRegen  0.23/turn              h - ring of protection from fire
MPRegen  0.15/turn              s - ring of magical power

@: no status effects
A: retaliatory headbutt, horns 2
a: Berserk, Trog's Hand, Renounce Religion


You were on level 6 of the Dungeon.
You worshipped Trog.
Trog was most pleased with you.
You were hungry.

You visited 1 branch of the dungeon, and saw 6 of its levels.

You collected 234 gold pieces.

Inventory:

Hand Weapons
 a - a +0 falchion (weapon)
Missiles
 j - 4 javelins (quivered)
 t - 7 javelins of returning
Armour
 b - a +0 animal skin
 l - a +2 hat (worn)
   (You found it on level 2 of the Dungeon)
 m - a +0 scale mail (worn)
   (You found it on level 3 of the Dungeon)
Jewellery
 h - a ring of protection from fire (left hand)
   (You found it on level 1 of the Dungeon)
 s - a ring of magical power (right hand)
   (You found it on level 4 of the Dungeon)
Scrolls
 f - 3 scrolls of remove curse {@r2}
 g - 2 scrolls of magic mapping
 i - 3 scrolls of identify {unknown}
 k - 3 scrolls of teleportation {unknown}
 n - 2 scrolls of fog {unknown}
 p - 3 scrolls of enchant weapon {unknown}
Potions
 d - 3 potions of curing {unknown}
 e - 2 potions of heal wounds {unknown}
 o - 2 potions of agility {unknown}
 q - a potion of degeneration {unknown}
 r - 2 potions of flight {unknown}
 u - a potion of invisibility {unknown}
 v - a potion of might {unknown}
Comestibles
 c - 9 rations


   Skills:
 + Level 9.2 Fighting
 + Level 9.1 Long Blades
 - Level 2.4 Armour
 - Level 2.1 Dodging


You had 7 spell levels left.
You didn't know any spells.

Dungeon Overview and Level Annotations

Branches:
Dungeon (6/15)             Temple (0/1) D:4

Altars:
Vehumet

Shops:
D:5 *

Annotations:
D:6 Duvessa


Innate Abilities, Weirdness & Mutations

You reflexively headbutt those who attack you in melee.
You have a pair of horns on your head.


Message History

Duvessa hits you but does no damage. Dowan closely misses you.
You furiously retaliate!
You headbutt Dowan!
Duvessa gestures with her weapon.
Duvessa closely misses you.
You riposte.
You hit Duvessa but do no damage. You headbutt Duvessa, but do no damage.
Duvessa is lightly wounded.
You see here a scroll labeled FASOKA HALYHO.
You barely miss Dowan. You headbutt Dowan!
Dowan is severely wounded.
Dowan barely misses you. Duvessa hits you with a rapier.
You hit Dowan.
Dowan is severely wounded.
Dowan hits you but does no damage. Duvessa hits you with a rapier.
You miss Dowan.
Dowan is severely wounded.
Dowan closely misses you.
You slash Dowan!
You kill Dowan!
Trog accepts your kill.
Trog appreciates your killing of a magic user.
Duvessa screams in rage.
Duvessa goes berserk!
Duvessa hits you with a rapier! x2
You hit Duvessa but do no damage. Your headbutt misses Duvessa.
Duvessa is lightly wounded.
Duvessa hits you with a rapier!
You slash Duvessa!
Duvessa is lightly wounded.
Duvessa closely misses you.
You riposte.
You hit Duvessa.
Duvessa is moderately wounded.
You closely miss Duvessa. You headbutt Duvessa, but do no damage.
Duvessa is moderately wounded.
Duvessa hits you but does no damage.
You hit Duvessa but do no damage. Your headbutt misses Duvessa.
Duvessa is moderately wounded.
Duvessa hits you with a rapier!
* * * LOW HITPOINT WARNING * * *
You slash Duvessa! Your headbutt misses Duvessa.
Duvessa is moderately wounded.
Duvessa hits you with a rapier.
* * * LOW HITPOINT WARNING * * *
You hit Duvessa. Your headbutt misses Duvessa.
Duvessa is heavily wounded.
Duvessa hits you with a rapier!!
* * * LOW HITPOINT WARNING * * *
You closely miss Duvessa.
Duvessa is heavily wounded.
Duvessa hits you with a rapier.
* * * LOW HITPOINT WARNING * * *
Duvessa hits you with a rapier!
You die...

### ..#
####.#####.#
.......)@..#
####..#e#..#
#..#.#..####
#..........#
##.###.###<####
#. #..[.....# #
.....##.##.#
####. #.##.#
#.##.##.#


You could see Duvessa (berserk).

Vanquished Creatures
  Eustachio (D:6)
  2 ice beasts
  2 ogres
  A centaur (D:5)
  A water moccasin skeleton (D:6)
  Dowan (D:6)
  A howler monkey (D:4)
  3 hounds
  4 orc priests
  2 orc wizards
  2 iguanas (D:5)
  A worker ant (D:4)
  A hound zombie (D:5)
  6 adders
  2 oozes
  3 worms
  3 dart slugs
  4 leopard geckos
  16 orcs
  2 ball pythons (D:4)
  8 giant cockroaches
  10 goblins
  3 hobgoblins
  10 jackals
  2 quokkas (D:4)
  6 bats
  3 frilled lizards
  3 kobolds
  A leopard gecko zombie (D:5)
  6 rats
110 creatures vanquished.

Notes
Turn   | Place    | Note
-------+----------+-------------------------------------------
     0 | D:1      | b5mith the Minotaur Berserker began the quest for the Orb.
     0 | D:1      | Reached XP level 1. HP: 19/19 MP: 0/0
   182 | D:1      | Reached XP level 2. HP: 18/27 MP: 1/1
   478 | D:1      | Reached XP level 3. HP: 23/34 MP: 2/2
   487 | D:1      | Reached ** piety under Trog
  1631 | D:2      | Reached XP level 4. HP: 41/41 MP: 3/3
  1666 | D:2      | Reached skill level 5 in Fighting
  1666 | D:2      | Reached skill level 5 in Long Blades
  2155 | D:3      | Reached XP level 5. HP: 36/48 MP: 4/4
  2734 | D:4      | Found a staircase to the Ecumenical Temple.
  2737 | D:4      | Noticed an ogre
  2744 | D:4      | Killed an ogre
  2744 | D:4      | Reached XP level 6. HP: 54/58 MP: 5/5
  2795 | D:4      | Reached *** piety under Trog
  3498 | D:5      | Entered Level 5 of the Dungeon
  3498 | D:5      | Found Bofabrinn's Assorted Antiques.
  3569 | D:5      | Reached XP level 7. HP: 54/66 MP: 6/6
  4410 | D:5      | Found a radiant altar of Vehumet.
  4610 | D:6      | Noticed Eustachio
  4640 | D:6      | Killed Eustachio
  4640 | D:6      | Reached XP level 8. HP: 59/75 MP: 7/7
  4768 | D:6      | Received a gift from Trog
  4816 | D:6      | Noticed Duvessa
  4817 | D:6      | Noticed Dowan
  4827 | D:6      | Killed Dowan
  4834 | D:6      | Slain by Duvessa

Vault maps used:
D:1:      minmay_arrival_up_and_down, minmay_tiny_reverse_x
D:2:      kennysheep_potato
D:4:      cheibrodos_quashed, temple_pool_b, first_ration
D:5:      kennysheep_mini, serial_shops, shop
D:6:      uniq_duvessa, uniq_eustachio

Skill      XL: |  1  2  3  4  5  6  7  8 |
---------------+-------------------------+-----
Fighting       | 4 5 6 7 8 9 |  9.2
Long Blades    | 4 5 6 7 8 9 |  9.1
Armour         | |  2.4
Dodging        | |  2.1

Action                   |  1- 3 |  4- 6 |  7- 9 || total
-------------------------+-------+-------+-------++-------
Melee: Falchion          |    71 |   143 |   112 ||   326
       Headbutt          |    10 |    18 |    29 ||    57
  Use: Scroll            |       |     2 |       ||     2
  Eat: Chunk             |     2 |     6 |     4 ||    12
Armor: Animal skin       |    10 |     8 |       ||    18
       Scale mail        |       |    42 |    43 ||    85
Dodge: Dodged            |    38 |    93 |    48 ||   179
       Rpst.: Falchion   |     9 |    27 |    21 ||    57

Table legend:
 A = Spawn XP
 B = Non-spawn XP
 C = Spawn XP percentage of total XP
 D = Spawn monster count
 E = Non-spawn monster count
 F = Spawn count percentage of total count
 G = Total turns spent on level
                    A         B        C        D         E        F      G
               +---------+---------+-------+---------+---------+-------+---------
         Total |       0 |    1746 |   0.0 |       0 |     110 |   0.0 |  4834
               +---------+---------+-------+---------+---------+-------+---------
           D:1 |       0 |      49 |   0.0 |       0 |      23 |   0.0 |   994
           D:2 |       0 |      85 |   0.0 |       0 |      21 |   0.0 |  1075
           D:3 |       0 |      93 |   0.0 |       0 |      16 |   0.0 |   490
           D:4 |       0 |     426 |   0.0 |       0 |      25 |   0.0 |   939
           D:5 |       0 |     634 |   0.0 |       0 |      18 |   0.0 |  1043
           D:6 |       0 |     459 |   0.0 |       0 |       7 |   0.0 |   293
               +---------+---------+-------+---------+---------+-------+---------
